[Event "Late-Titled-Tuesday-Blitz-February-06-2024"]
[Site "Chess.com"]
[Date "2024.02.06"]
[Round "1"]
[White "SmirnovTimofey2000"]
[Black "2346PL"]
[Result "0-1"]
[WhiteElo "1966"]
[BlackElo "2542"]
[TimeControl "180+1"]
[EndTime "14:01:25 PST"]
[Termination "2346PL won by resignation"]

1. e4 c5 2. c3 Nf6 3. e5 Nd5 4.
Nf3 Nc6 5. Bc4 e6 6. O-O Nb6 7. Bb3 d6 8. exd6 Bxd6 9. d4 O-O 10. d5 exd5 11. Bxd5 Nxd5 12. Qxd5 Bxh2+ 0-1

[Event "Late-Titled-Tuesday-Blitz-February-06-2024"]
[Site "Chess.com"]
[Date "2024.02.06"]
[Round "1"]
[White "FairChess_on_YouTube"]
[Black "jeetjain"]
[Result "1-0"]
[WhiteElo "3051"]
[BlackElo "2520"]
[TimeControl "180+1"]
[EndTime "14:01:37 PST"]
[Termination "FairChess_on_YouTube won by resignation"]

1. e4 c6 2. Nf3 d5 3. Nc3 dxe4 4. Nxe4 Bf5 5. Ng3 Bg6 6. h4 h6 7. Ne5 Bh7 8. Qf3 Nf6 9. Qb3 e6 10. Qxb7 Nbd7 11. Nxc6 Qc8 12. Ba6 1-0

[Event "Late-Titled-Tuesday-Blitz-February-06-2024"]
[Site "Chess.com"]
[Date "2024.02.06"]
[Round "1"]
[White "Rud_Makarian"]
[Black "Pawngobblerx2000"]
[Result "1-0"]
[WhiteElo "3039"]
[BlackElo "2519"]
[TimeControl "180+1"]
[EndTime "14:02:08 PST"]
[Termination "Rud_Makarian won by resignation"]

1. d4 d5 2. c4 c6 3. Nf3 Nf6 4. Nc3 e6 5. Bg5 h6 6. Bxf6 Qxf6 7. a3 dxc4 8. e3 b5 9. Ne5 Bb7 10. b3 cxb3 11. Nxb5 Qd8 12. Qf3 Qe7 13. Nd6+ Qxd6 14.
Qxf7+ Kd8 15. Qxb7 Qc7 16. Nf7+ Kd7 17. Qxc7+ Kxc7 18. Nxh8 1-0

[Event "Late-Titled-Tuesday-Blitz-February-06-2024"]
[Site "Chess.com"]
[Date "2024.02.06"]
[Round "1"]
[White "iwanyu"]
[Black "ChessFighter1975"]
[Result "1-0"]
[WhiteElo "2815"]
[BlackElo "2425"]
[TimeControl "180+1"]
[EndTime "14:02:18 PST"]
[Termination "iwanyu won by resignation"]

1. d4 d6 2. Nf3 Nf6 3. g3 g6 4.
c4 Bg7 5. Bg2 O-O 6. Nc3 Nc6 7.
d5 Na5 8. b3 Ne4 9. Nxe4 Bxa1 10. Bd2 Bg7 11. Bxa5 b6 12. Bd2 e5 13. dxe6 fxe6 14.
h4 h6 15. Nc3 Bb7 16. Qc2 Qe8 17. O-O a5 18. Qc1 Kh7 19. Qc2 Rb8 20. h5 Qf7 21.
Nh4 1-0

[Event "Late-Titled-Tuesday-Blitz-February-06-2024"]
[Site "Chess.com"]
[Date "2024.02.06"]
[Round "1"]
[White "j_coca"]
[Black "ContrVersia"]
[Result "0-1"]
[WhiteElo "2452"]
[BlackElo "2850"]
[TimeControl "180+1"]
[EndTime "14:02:23 PST"]
[Termination "ContrVersia won by resignation"]

1. f4 d5 2. Nf3 g6 3. e3 Bg7 4. d4 Nh6 5. c3 O-O 6. Bd3 Bf5 7. O-O Nd7 8. Ne5 Nf6 9. Qc2 c5 10.
Nd2 Qc7 11. h3 Bxd3 12. Qxd3 Nf5 13. g4 Nd6 14. Nef3 b5 15. Rf2 Nfe4 16. Rg2 b4 17. dxc5 Qxc5 18. cxb4 Qxb4 19. Qxd5 Rac8 20. Nxe4 Nxe4 21.
Rb1 Rfd8 22. Qb3 Qxb3 23. axb3 Rd1+ 24. Kh2 Rcxc1 0-1

[Event "Late-Titled-Tuesday-Blitz-February-06-2024"]
[Site "Chess.com"]
[Date "2024.02.06"]
[Round "1"]
[White "Bryanl106"]
[Black "morte-negra"]
[Result "1-0"]
[WhiteElo "2545"]
[BlackElo "2004"]
[TimeControl "180+1"]
[EndTime "14:02:40 PST"]
[Termination "Bryanl106 won by resignation"]

1. e4 c5 2. Nf3 d6 3. d4 cxd4 4.
Nxd4 Nf6 5. Nc3 a6 6. h3 e6 7. g4 b5 8. Bg2 Bb7 9. O-O h6 10. Re1 Qc7 11. a4 b4 12. Na2 d5 13.
exd5 Bxd5 14. Nxe6 fxe6 15. Bxd5 Nxd5 16. Qxd5 Qc6 17.
Rxe6+ 1-0

[Event "Late-Titled-Tuesday-Blitz-February-06-2024"]
[Site "Chess.com"]
[Date "2024.02.06"]
[Round "1"]
[White "Chess2Hawks"]
[Black "jaskol95"]
[Result "0-1"]
[WhiteElo "2207"]
[BlackElo "2593"]
[TimeControl "180+1"]
[EndTime "14:02:59 PST"]
[Termination "jaskol95 won by checkmate"]

1. d4 d5 2. c4 e5 3. dxe5 d4 4. Nf3 Nc6 5. b3 f6 6. e6 Bxe6 7. Bb2 Bc5 8. Nbd2 Bf5 9. a3 Qe7 10. b4 Bxb4 11. axb4 Nxb4 12. Nxd4 Nd3# 0-1

[Event "Late-Titled-Tuesday-Blitz-February-06-2024"]
[Site "Chess.com"]
[Date "2024.02.06"]
[Round "1"]
[White "Perecke"]
[Black "trriinu"]
[Result "0-1"]
[WhiteElo "2560"]
[BlackElo "2203"]
[TimeControl "180+1"]
[EndTime "14:03:01 PST"]
[Termination "trriinu won by resignation"]

1. e4 d5 2. exd5 Qxd5 3. Nc3 Qd6 4. Bc4 Nf6 5. Nge2 Nc6 6. d3 Bg4 7. h3 Bxe2 8. Nxe2 e5 9. Be3 O-O-O 10. c3 Nd5 11.
Bd2 f5 12. Ng3 g6 13. Qb3 Nb6 14. O-O-O Na5 15. Qa4 Nxa4 0-1

[Event "Late-Titled-Tuesday-Blitz-February-06-2024"]
[Site "Chess.com"]
[Date "2024.02.06"]
[Round "1"]
[White "Agent-JL"]
[Black "JonasGallasch"]
[Result "0-1"]
[WhiteElo "2621"]
[BlackElo "2353"]
[TimeControl "180+1"]
[EndTime "14:03:09 PST"]
[Termination "JonasGallasch won by resignation"]

1. d4 Nf6 2. Nf3 g6 3. c4 Bg7 4. Nc3 d5 5. cxd5 Nxd5 6. e4 Nxc3 7. bxc3 c5 8. Be3 Qa5 9. Qd2 Nc6 10. Rb1 O-O 11. Rb5 cxd4 12. Rxa5 dxe3 13. Qxe3 Nxa5 14. Bb5 a6 15. Be2 Bd7 16. O-O Rfc8 17. e5 e6 18. Qb6 Nc4 19. Bxc4 Rxc4 20. Qxb7 Bc6 21. Qb3 Bd5 22. Nd2 Rg4 23. f3 Bxb3 24. fxg4 Bxa2 25. c4 Bxe5 0-1

[Event "Late-Titled-Tuesday-Blitz-February-06-2024"]
[Site "Chess.com"]
[Date "2024.02.06"]
[Round "1"]
[White "LyonBeast"]
[Black "SHIVACalypso"]
[Result "1-0"]
[WhiteElo "3158"]
[BlackElo "2529"]
[TimeControl "180+1"]
[EndTime "14:03:16 PST"]
[Termination "LyonBeast won by resignation"]

1. e4 e6 2. d4 d5 3. Nc3 Nf6 4. e5 Nfd7 5. f4 c5 6. Nf3 Nc6 7. Be3 Be7 8. Qd2 O-O 9. dxc5 Qa5 10. Bd3 Nxc5 11. O-O f5 12. exf6 Bxf6 13. Nxd5 Qxd2 14. Nxf6+ gxf6 15. Nxd2 Nxd3 16. cxd3 Rd8 17. Rad1 Rxd3 18.
Nc4 Rxd1 19. Rxd1 Kf7 20. Nd6+ Ke7 21. Bc5 b6 22. Nxc8+ Ke8 23. Nd6+ Kf8 24. Ba3 Kg7 25. Rc1 Nd4 26. Rc7+ Kg6 27. Kf2 Nf5 28. Nxf5 Kxf5 29.
Kf3 Rg8 30. Rxh7 1-0

[Event "Late-Titled-Tuesday-Blitz-February-06-2024"]
[Site "Chess.com"]
[Date "2024.02.06"]
[Round "1"]
[White "Goryachkina"]
[Black "CFalcons8"]
[Result "1-0"]
[WhiteElo "2672"]
[BlackElo "2353"]
[TimeControl "180+1"]
[EndTime "14:03:19 PST"]
[Termination "Goryachkina won by checkmate"]

1. e4 e5 2. Nf3 Nc6 3. Nc3 Nf6 4. h3 d5 5. exd5 Nxd5 6. Bb5 Nxc3 7. bxc3 Bd6 8. O-O O-O 9. d4 exd4 10. cxd4 a6 11. Bc4 Ne7 12. c3 b5 13. Bd3 Bb7 14. Re1 c5 15. Bxh7+ Kxh7 16. Ng5+ Kg6 17. Qg4 f5 18. Qh4 Rh8 19. Re6# 1-0

[Event "Late-Titled-Tuesday-Blitz-February-06-2024"]
[Site "Chess.com"]
[Date "2024.02.06"]
[Round "1"]
[White "Korchmar_Vasiliy"]
[Black "TheAlienParty"]
[Result "1-0"]
[WhiteElo "2720"]
[BlackElo "2382"]
[TimeControl "180+1"]
[EndTime "14:03:29 PST"]
[Termination "Korchmar_Vasiliy won by checkmate"]

1. e4 e5 2. Nf3 Nc6 3. Bc4 Bc5 4. c3 Nf6 5. d3 O-O 6. Bg5 d6 7. Nbd2 Be6 8. O-O Qe7 9. Bd5 Nd8 10. d4 Bb6 11. Nc4 c6 12. dxe5 dxe5 13. Bxe6 Nxe6 14. Bxf6 gxf6 15. Nh4 Ng7 16. Qg4 Kh8 17.
Qxg7+ Kxg7 18. Nf5+ Kh8 19. Nxe7 Rfd8 20. Nxb6 axb6 21.
Rfd1 Rxd1+ 22. Rxd1 Rxa2 23. Rd8+ Kg7 24. Nf5+ Kg6 25. Rg8+ Kh5 26. g4# 1-0

[Event "Late-Titled-Tuesday-Blitz-February-06-2024"]
[Site "Chess.com"]
[Date "2024.02.06"]
[Round "1"]
[White "Mariia89"]
[Black "Orest_Vovk"]
[Result "0-1"]
[WhiteElo "2184"]
[BlackElo "2581"]
[TimeControl "180+1"]
[EndTime "14:03:38 PST"]
[Termination "Orest_Vovk won by resignation"]

1. d4 h6 2. Nf3 g5 3. c4 Bg7 4.
Nc3 c5 5. e4 Nc6 6. d5 Nd4 7.
Nxd4 Bxd4 8. Ne2 Be5 9. g3 d6 10. f4 gxf4 11. gxf4 Bf6 12. h3 Bh4+ 13. Kd2 Nf6 14.
Bg2 Rg8 15. Bf3 Qa5+ 16. Kc2 Bd7 17. Bd2 Qa6 18. b3 b5 19. cxb5 Bxb5 20. Bc3 Bxe2 21. Bxe2 Rg2 22. Re1 Bxe1 0-1

[Event "Late-Titled-Tuesday-Blitz-February-06-2024"]
[Site "Chess.com"]
[Date "2024.02.06"]
[Round "1"]
[White "Ykow"]
[Black "Zhigalko_Sergei"]
[Result "0-1"]
[WhiteElo "2507"]
[BlackElo "2953"]
[TimeControl "180+1"]
[EndTime "14:03:41 PST"]
[Termination "Zhigalko_Sergei won by resignation"]

1. e4 c5 2. Nf3 Nc6 3. Bb5 Nf6 4. Nc3 Qc7 5. O-O Nd4 6. Re1 a6 7. Bf1 Ng4 8. e5 h5 9. d3 e6 10. Bf4 d6 11. exd6 Bxd6 12. Bxd6 Qxd6 13. g3 Nf5 14. Ne4 Qc7 15. d4 cxd4 16. Nxd4 O-O 17. Nxf5 exf5 18. Nc3 Be6 19. Qf3 0-1

[Event "Late-Titled-Tuesday-Blitz-February-06-2024"]
[Site "Chess.com"]
[Date "2024.02.06"]
[Round "1"]
[White "carloseduar100"]
[Black "dcremisi"]
[Result "0-1"]
[WhiteElo "2336"]
[BlackElo "2650"]
[TimeControl "180+1"]
[EndTime "14:03:43 PST"]
[Termination "dcremisi won by resignation"]

1. e4 e6 2. d4 d5 3. Bd3 c5 4.
exd5 exd5 5. Nf3 c4 6. Be2 Nf6 7. O-O Nc6 8. c3 Bg4 9. h3 Bh5 10. Bg5 Be7 11. Re1 O-O 12. Nbd2 Re8 13. Nf1 Ne4 14. Bxe7 Rxe7 15. Ne3 Qd7 16. Nd2 Bxe2 17. Qxe2 Rae8 18. Nxe4 Rxe4 19. Qf3 Qe6 20. b3 b5 21. a4 a6 22. axb5 axb5 23. bxc4 bxc4 24. Reb1 g6 25. Rb6 Nxd4 26. Rxe6 Nxf3+ 27. gxf3 R4xe6 28. Nxd5 Re1+ 29. Rxe1 Rxe1+ 30. Kg2 Rc1 31. f4 Kf8 32. Kf3 Ke8 33.
Ke3 Kd7 34. Kd4 Ke6 35. Ne3 Rh1 36. Kxc4 Rxh3 37. Kd4 Rf3 38. f5+ gxf5 39. Nd1 h5 40. c4 h4 41. c5 h3 42. c6 h2 43. c7 Kd7 0-1

[Event "Late-Titled-Tuesday-Blitz-February-06-2024"]
[Site "Chess.com"]
[Date "2024.02.06"]
[Round "1"]
[White "ChristopherYoo"]
[Black "RichardLeyvaP"]
[Result "1-0"]
[WhiteElo "3012"]
[BlackElo "2518"]
[TimeControl "180+1"]
[EndTime "14:03:56 PST"]
[Termination "ChristopherYoo won by resignation"]

1. e4 e5 2. Nf3 Nc6 3. Bb5 a6 4. Ba4 Nf6 5. O-O Be7 6. d4 exd4 7. e5 Ne4 8. Nxd4 Nc5 9. Nf5 O-O 10. Qg4 g6 11.
Bxc6 dxc6 12. Nxe7+ Qxe7 13. Qg3 Re8 14. Re1 f5 15. Bg5 Qf7 16. Nd2 Ne6 17. Bf6 c5 18.
Nf3 b6 19. c3 h6 20. Nh4 Kh7 21. f4 Bb7 22. Rad1 Bc6 23. Rd2 c4 24. Nf3 Nc5 25.
Ng5+ 1-0

[Event "Late-Titled-Tuesday-Blitz-February-06-2024"]
[Site "Chess.com"]
[Date "2024.02.06"]
[Round "1"]
[White "Hypercar"]
[Black "jefferyx"]
[Result "0-1"]
[WhiteElo "2512"]
[BlackElo "2981"]
[TimeControl "180+1"]
[EndTime "14:03:57 PST"]
[Termination "jefferyx won by resignation"]

1. d4 d5 2. Nf3 Nf6 3. g3 c5 4. Bg2 Nc6 5. O-O h6 6. dxc5 e5 7. a3 a5 8. b3 Bxc5 9. Bb2 Qe7 10. e3 O-O 11. Nc3 Rd8 12. Na4 Ba7 13. Qe2 Bf5 14. Rad1 e4 15. Nd4 Nxd4 16. Bxd4 Bxd4 17. Rxd4 Qxa3 18. Nb6 Ra6 19. Nc4 Qe7 20. Rfd1 Bg4 21.
f3 exf3 22. Bxf3 Bxf3 23. Qxf3 Re8 24. Rxd5 Nxd5 25. Rxd5 a4 26. Re5 Re6 27. Rxe6 Qxe6 28. Qxb7 axb3 29. cxb3 Rd8 30. Qf3 Rd3 31. Qe2 Rxb3 0-1

[Event "Late-Titled-Tuesday-Blitz-February-06-2024"]
[Site "Chess.com"]
[Date "2024.02.06"]
[Round "1"]
[White "PapaieDudu"]
[Black "FaustinoOro"]
[Result "0-1"]
[WhiteElo "2402"]
[BlackElo "2748"]
[TimeControl "180+1"]
[EndTime "14:03:57 PST"]
[Termination "FaustinoOro won by resignation"]

1. Nf3 Nf6 2. d4 e6 3. c4 d5 4. Nc3 Bb4 5. e3 O-O 6. Bd3 c5 7. O-O cxd4 8. exd4 Nc6 9. Bg5 Be7 10. cxd5 Nxd5 11.
Bxe7 Ncxe7 12. Bxh7+ Kxh7 13. Ng5+ Kg8 14. Qh5 Nf6 15. Qe2 Qxd4 16. Rad1 Qg4 17. Nf3 Nfd5 18. h3 Nxc3 19. Qc2 Qf5 20. Qxc3 Nd5 21. Qb3 b6 22.
Nd4 Qf6 23. Nc6 Bb7 24. Nd4 Nf4 25. f3 Qg5 26. Rd2 Nxh3+ 27. Kh2 Qxd2 0-1

[Event "Late-Titled-Tuesday-Blitz-February-06-2024"]
[Site "Chess.com"]
[Date "2024.02.06"]
[Round "1"]
[White "FrenchHarvey"]
[Black "Supergiuly"]
[Result "1-0"]
[WhiteElo "2692"]
[BlackElo "2371"]
[TimeControl "180+1"]
[EndTime "14:04:04 PST"]
[Termination "FrenchHarvey won by checkmate"]

1. e4 e5 2. Nf3 Nc6 3. Bb5 a6 4.
Ba4 b5 5. Bb3 Na5 6. O-O g5 7.
Nxe5 Nh6 8. d4 d6 9. Nd3 Bg7 10. c3 O-O 11. Bc2 Bb7 12. d5 Nc4 13. Qh5 f6 14. f4 Nf7 15. b3 Nb6 16. Nb4 Qe7 17. e5 Bh6 18. e6 Nxd5 19. Nxd5 Bxd5 20. exf7+ Bxf7 21. Qxh6 Bd5 22. Nd2 Qe3+ 23. Kh1 Qxc3 24. Qxh7# 1-0

[Event "Late-Titled-Tuesday-Blitz-February-06-2024"]
[Site "Chess.com"]
[Date "2024.02.06"]
[Round "1"]
[White "Marcan2b"]
[Black "ybothg"]
[Result "1-0"]
[WhiteElo "3003"]
[BlackElo "2517"]
[TimeControl "180+1"]
[EndTime "14:04:06 PST"]
[Termination "Marcan2b won by resignation"]

1. e4 c5 2. Nf3 e6 3. c3 Nf6 4. Bd3 Nc6 5. O-O Be7 6. Re1 d5 7. e5 Nd7 8. Bb5 O-O 9. d4 a6 10. Bd3 c4 11. Bc2 b5 12. Nbd2 a5 13. Nf1 b4 14. Ng3 Re8 15. Qd2 Nf8 16. Qf4 Ng6 17. Qg4 f5 18. exf6 Bxf6 19. Bxg6 hxg6 20. Qxg6 Ne7 21.
Qh5 Bd7 22. Bg5 Rf8 23. h4 Nf5 24. Nxf5 exf5 25. Ne5 Be8 26. Qf3 Bxg5 27. hxg5 Ra6 28. Qf4 Bh5 29. Re3 bxc3 30. bxc3 Qb8 31. Rae1 Re6 32. Rh3 g6 33. Rhe3 1-0

[Event "Late-Titled-Tuesday-Blitz-February-06-2024"]
[Site "Chess.com"]
[Date "2024.02.06"]
[Round "1"]
[White "HalfIsCrayfish"]
[Black "Horokoskii"]
[Result "1-0"]
[WhiteElo "2571"]
[BlackElo "2147"]
[TimeControl "180+1"]
[EndTime "14:04:06 PST"]
[Termination "HalfIsCrayfish won by resignation"]

1. Nc3 Nf6 2. e4 e6 3. e5 Ng8 4. d4 d6 5. Nf3 Nc6 6. Bb5 Bd7 7. O-O a6 8. Bd3 dxe5 9. dxe5 Nge7 10. Bg5 h6 11. Bh4 g5 12. Bg3 Nf5 13. Qe2 Ncd4 14.
Nxd4 Nxd4 15. Qh5 Bc6 16. Rad1 Qe7 17. Be4 Rd8 18. Bxc6+ Nxc6 19. Ne4 Bg7 20. f4 Rxd1 21. Qxd1 gxf4 22. Bxf4 Bxe5 23. Bxe5 Nxe5 24. Nf6+ Kf8 25. Qd4 Qd6 26. Qxe5 1-0

[Event "Late-Titled-Tuesday-Blitz-February-06-2024"]
[Site "Chess.com"]
[Date "2024.02.06"]
[Round "1"]
[White "valeriocarnicelli"]
[Black "PNEPaul"]
[Result "1-0"]
[WhiteElo "2534"]
[BlackElo "1874"]
[TimeControl "180+1"]
[EndTime "14:04:12 PST"]
[Termination "valeriocarnicelli won by resignation"]

1. b3 a6 2. Bb2 d6 3. e3 Nd7 4.
Nf3 Ngf6 5. c4 g6 6. Be2 Bg7 7. O-O O-O 8. d4 b6 9. d5 Bb7 10. Nbd2 c6 11. e4 e6 12. dxe6 fxe6 13. Qc2 d5 14. Rad1 Qe8 15. Rfe1 h6 16. exd5 cxd5 17. cxd5 Bxd5 18. Nc4 Rc8 19. Qb1 Nc5 20. Nd6 Qc6 21. Nxc8 Rxc8 22. Qxg6 Rf8 23. Ne5 Qb7 24. Bf3 Bxf3 25.
Nxf3 Rf7 26. Rd8+ Rf8 27. Rxf8+ Kxf8 28. Bxf6 1-0

[Event "Late-Titled-Tuesday-Blitz-February-06-2024"]
[Site "Chess.com"]
[Date "2024.02.06"]
[Round "1"]
[White "messiboca"]
[Black "esrosenberg"]
[Result "1-0"]
[WhiteElo "2777"]
[BlackElo "2414"]
[TimeControl "180+1"]
[EndTime "14:04:14 PST"]
[Termination "messiboca won by resignation"]

1. Nf3 d5 2. c4 d4 3. b4 f6 4. e3 dxe3 5. fxe3 e5 6. c5 a5 7. Bc4 Nh6 8. O-O axb4 9. Nxe5 Nc6 10.
Nxc6 bxc6 11. Qh5+ g6 12. Qf3 Bg7 13. Qxc6+ Bd7 14.
Qe4+ Kf8 15. Bb2 f5 16. Bxg7+ Kxg7 17. Qd4+ 1-0

[Event "Late-Titled-Tuesday-Blitz-February-06-2024"]
[Site "Chess.com"]
[Date "2024.02.06"]
[Round "1"]
[White "ritanovikova"]
[Black "arenal72"]
[Result "0-1"]
[WhiteElo "2196"]
[BlackElo "2590"]
[TimeControl "180+1"]
[EndTime "14:04:18 PST"]
[Termination "arenal72 won by resignation"]

1. e4 Nc6 2. d4 d5 3. exd5 Qxd5 4. c3 e5 5. dxe5 Qxd1+ 6. Kxd1 Nxe5 7. h3 Be6 8. Bd2 O-O-O 9. Kc1 Nf6 10. f3 Nh5 11.
Be1 Bc5 12. Bh4 Be3+ 13. Kc2 g5 14. Be1 Bf5+ 15. Kb3 Rd1 16. g4 Be6+ 17. Ka3 Rxe1 0-1

[Event "Late-Titled-Tuesday-Blitz-February-06-2024"]
[Site "Chess.com"]
[Date "2024.02.06"]
[Round "1"]
[White "Jarrahi2452"]
[Black "Narek_Ghimoyan"]
[Result "1-0"]
[WhiteElo "2803"]
[BlackElo "2425"]
[TimeControl "180+1"]
[EndTime "14:04:19 PST"]
[Termination "Jarrahi2452 won by resignation"]

1. d4 Nf6 2. Bf4 d5 3. e3 c5 4. c3 Nc6 5. Nd2 Qb6 6. Qb3 c4 7. Qc2 Bg4 8. h3 Bh5 9. Ngf3 Bg6 10. Qc1 e6 11. b3 cxb3 12. axb3 Rc8 13. Qb2 Be7 14. Be2 O-O 15. O-O a6 16. Ne5 Nxe5 17. Bxe5 Ne4 18. Nxe4 Bxe4 19. Rfc1 Bd6 20. Bxd6 Qxd6 21.
c4 dxc4 22. bxc4 Bc6 23. c5 Qe7 24. Bd3 Rfd8 25. Qc2 g6 26. Be4 e5 27. Bxc6 Rxc6 28. Qe4 Rdc8 29. Rab1 Qc7 30. Rd1 exd4 31. exd4 b6 32.
cxb6 Rxb6 33. Rxb6 Qxb6 34. d5 Qd6 35. Qd4 Rd8 36.
Qd2 h5 37. Qg5 Kg7 38. g4 hxg4 39. Qxg4 1-0

[Event "Late-Titled-Tuesday-Blitz-February-06-2024"]
[Site "Chess.com"]
[Date "2024.02.06"]
[Round "1"]
[White "Cambek64"]
[Black "DonkyDonkyDonkey"]
[Result "0-1"]
[WhiteElo "2492"]
[BlackElo "2929"]
[TimeControl "180+1"]
[EndTime "14:04:21 PST"]
[Termination "DonkyDonkyDonkey won by resignation"]

1. b3 e5 2. Bb2 Nc6 3. e3 Nf6 4. c4 d5 5. cxd5 Nxd5 6. a3 Bd6 7. Qc2 O-O 8. d3 Re8 9. Nd2 Be6 10. Be2 Qg5 11. g3 Rad8 12. Ngf3 Qe7 13. b4 a6 14. h4 h6 15. Ne4 f5 16. Nc5 Bxc5 17.
bxc5 Bf7 18. O-O f4 19. exf4 exf4 20. Rfe1 fxg3 21. fxg3 Qe3+ 22. Kg2 Bh5 23. Qc4 Qxe2+ 24. Rxe2 Rxe2+ 25. Kh3 Bxf3 26. Rb1 Bg2+ 27. Kh2 Kh7 28. Kg1 Bf3 29. Qb3 Rg2+ 30. Kf1 Ne3+ 0-1

[Event "Late-Titled-Tuesday-Blitz-February-06-2024"]
[Site "Chess.com"]
[Date "2024.02.06"]
[Round "1"]
[White "egnfanclub"]
[Black "Lennis93"]
[Result "0-1"]
[WhiteElo "2371"]
[BlackElo "2680"]
[TimeControl "180+1"]
[EndTime "14:04:31 PST"]
[Termination "Lennis93 won by resignation"]

1. e4 c5 2. Nc3 e6 3. f4 Nc6 4. Nf3 d5 5. Bb5 Be7 6. d3 Qb6 7. exd5 exd5 8. Nxd5 Qd8 9. Bxc6+ bxc6 10. Nxe7 Nxe7 11.
O-O c4 12. Ne5 cxd3 13. Qxd3 Qxd3 14. Nxd3 Bf5 15. Re1 f6 16. b3 Kf7 17. Ba3 Nd5 18. Rad1 Rhe8 19. Rxe8 Rxe8 20. c4 Nc3 21. Rd2 Nb1 0-1

[Event "Late-Titled-Tuesday-Blitz-February-06-2024"]
[Site "Chess.com"]
[Date "2024.02.06"]
[Round "1"]
[White "Yeritsyaan"]
[Black "LeonardoL2005"]
[Result "1-0"]
[WhiteElo "2613"]
[BlackElo "2272"]
[TimeControl "180+1"]
[EndTime "14:04:33 PST"]
[Termination "Yeritsyaan won by resignation"]

1. Nf3 Nf6 2. e3 g6 3. c4 Bg7 4. Be2 O-O 5. O-O d6 6. d4 Nbd7 7. Nc3 Re8 8. d5 e5 9. dxe6 fxe6 10. Qc2 e5 11. b3 Nc5 12. Bb2 Bf5 13. Qd1 a5 14. Nd5 Nxd5 15. cxd5 b6 16. Bb5 Bd7 17. Bxd7 Qxd7 18. Qc2 Rf8 19. Ng5 h6 20. Nf3 g5 21.
Nd2 Rf7 22. Ba3 e4 23. Rad1 Raf8 24. Bxc5 dxc5 25. Nxe4 Be5 26. Ng3 Qg4 27. Qg6+ Bg7 28. Qe4 Qd7 29. Qe6 Qb5 30. Nf5 Kh7 31. Nxg7 Rxg7 32.
d6 Re8 33. Qf5+ Kg8 34. dxc7 Rxc7 35. Rd6 Rh7 36. Rfd1 Rf8 37. Rg6+ Kh8 38. Qe5+ 1-0

[Event "Late-Titled-Tuesday-Blitz-February-06-2024"]
[Site "Chess.com"]
[Date "2024.02.06"]
[Round "1"]
[White "Zorbos"]
[Black "LiemLe"]
[Result "0-1"]
[WhiteElo "2519"]
[BlackElo "3028"]
[TimeControl "180+1"]
[EndTime "14:04:34 PST"]
[Termination "LiemLe won by resignation"]

1. e4 c5 2. Nf3 Nc6 3. d4 cxd4 4. Nxd4 e5 5. Nb5 d6 6. N1c3 a6 7. Na3 Be6 8. Nd5 Nf6 9. Bg5 Bxd5 10. exd5 Qa5+ 11.
Bd2 Qxd5 12. Nc4 Rd8 13. Be3 Qxd1+ 14. Rxd1 d5 15. Nb6 d4 16. Bg5 Bb4+ 17. Ke2 Be7 18. Bxf6 Bxf6 19. g3 O-O 20. Bg2 Rfe8 21. Be4 g6 22. a3 Be7 23. g4 Kg7 24. Nd5 Bh4 25. Nb6 Re6 26. Nc4 b5 27. Nd2 Bg5 28. Nf3 Bf4 29.
h4 Ne7 30. Ne1 f5 31. gxf5 gxf5 32. Bg2 e4 33. f3 Bh6 34. fxe4 fxe4 35. Rg1 Ng6 36.
Bh3 Re5 37. Ng2 Kh8 38. Rdf1 Rc5 39. Ne1 d3+ 40. cxd3 exd3+ 41. Kf3 d2 42. Ng2 Rd3+ 43. Kg4 0-1

[Event "Late-Titled-Tuesday-Blitz-February-06-2024"]
[Site "Chess.com"]
[Date "2024.02.06"]
[Round "1"]
[White "mbojan"]
[Black "tgpgoat"]
[Result "1-0"]
[WhiteElo "2863"]
[BlackElo "2462"]
[TimeControl "180+1"]
[EndTime "14:04:34 PST"]
[Termination "mbojan won by resignation"]

1. Nf3 Nf6 2. g3 g6 3. b3 Bg7 4.
Bb2 O-O 5. Bg2 d6 6. d4 Ne4 7. O-O c5 8. Nbd2 Nxd2 9. Qxd2 Nc6 10. c4 cxd4 11. Nxd4 Nxd4 12. Bxd4 Qc7 13. Rac1 Bd7 14. c5 Bc6 15. Bxg7 Kxg7 16. cxd6 exd6 17. Bxc6 bxc6 18. Qc3+ Kg8 19. Qxc6 Qe7 20. e3 Qf6 21. Rfd1 Rfd8 22. Rd2 a5 23. Rcd1 Rac8 24. Qa6 Qc3 25. Rxd6 Rxd6 26.
Qxd6 Qb2 27. Rd2 Qa1+ 28. Kg2 Qc1 29. Qd5 Qc3 30. h4 h5 31. Rd4 Qe1 32. Qd7 Rc1 33.
Kf3 Qh1+ 34. Kf4 Rc2 35. Qe8+ Kg7 36. Qe5+ Kh6 1-0

[Event "Late-Titled-Tuesday-Blitz-February-06-2024"]
[Site "Chess.com"]
[Date "2024.02.06"]
[Round "1"]
[White "SaqoChess_Twitch"]
[Black "valemava"]
[Result "1-0"]
[WhiteElo "2626"]
[BlackElo "2293"]
[TimeControl "180+1"]
[EndTime "14:04:36 PST"]
[Termination "SaqoChess_Twitch won by resignation"]

1. d4 c6 2. c4 b5 3. cxb5 cxb5 4. e3 Bb7 5. Nf3 a6 6. Be2 e6 7. O-O Nf6 8. a4 b4 9. Nbd2 Be7 10. Nb3 O-O 11.
Bd2 a5 12. Rc1 d6 13. Ne1 Ne4 14. Bf3 f5 15. Be2 Qb6 16. f3 Nf6 17. Nd3 Nbd7 18. Nf4 e5 19. Ne6 Rfc8 20. Bb5 Bd5 21. Ng5 h6 22. Nh3 Nf8 23. Kh1 Kh7 24. Bd3 e4 25. fxe4 fxe4 26. Be2 Ng6 27. Rxc8 Rxc8 28. Nf4 Nxf4 29.
Rxf4 Qc6 30. Nxa5 Qc2 31. Bxb4 Qxb2 1-0

[Event "Late-Titled-Tuesday-Blitz-February-06-2024"]
[Site "Chess.com"]
[Date "2024.02.06"]
[Round "1"]
[White "NFChess13"]
[Black "ChessFanNM"]
[Result "0-1"]
[WhiteElo "2636"]
[BlackElo "2367"]
[TimeControl "180+1"]
[EndTime "14:04:42 PST"]
[Termination "ChessFanNM won by resignation"]

1. d4 Nf6 2. Nc3 c5 3. dxc5 e6 4. e4 Bxc5 5. Bd3 d6 6. Nf3 Nc6 7. O-O h6 8. a3 a6 9. Qe2 O-O 10. Be3 Bxe3 11. Qxe3 Bd7 12. Rad1 Qe7 13. Bc4 Ne5 14.
Nxe5 dxe5 15. Qb6 Bc6 16. f3 Rfd8 17. Bb3 Nd7 18. Qe3 Qc5 19. Kf2 Qxe3+ 20. Kxe3 Nc5 21. Bc4 Kf8 22. b4 Na4 23. Ne2 Nb2 24. Rxd8+ Rxd8 25. Bb3 Bb5 26. Rb1 Nd1+ 27. Rxd1 Rxd1 28. Nc3 Rg1 29. a4 Bd7 30. Kf2 Rh1 31. h3 h5 32. Ne2 Ra1 33.
Nc3 h4 34. Ke3 g5 35. Ke2 Ke7 36. Nd1 Bxa4 0-1

[Event "Late-Titled-Tuesday-Blitz-February-06-2024"]
[Site "Chess.com"]
[Date "2024.02.06"]
[Round "1"]
[White "expii"]
[Black "Mikasinski"]
[Result "0-1"]
[WhiteElo "2202"]
[BlackElo "2590"]
[TimeControl "180+1"]
[EndTime "14:04:47 PST"]
[Termination "Mikasinski won by resignation"]

1. e4 c5 2. Nf3 d6 3. d4 cxd4 4.
Nxd4 Nf6 5. Nc3 g6 6. g3 Bg7 7.
Bg2 O-O 8. O-O Nc6 9. Be3 Ng4 10.
Nxc6 Nxe3 11. Nxd8 Nxd1 12. Raxd1 Rxd8 13. Nd5 Kf8 14. c3 Bd7 15. Ne3 Rac8 16. f4 b5 17. Nd5 Rc5 18. Rfe1 a5 19. Kf2 Rb8 20. Re3 b4 21.
Rd2 bxc3 22. bxc3 Rb1 23. Rc2 Ba4 24. Rd2 e6 0-1